 Dungeon Crawl Stone Soup version 0.31.0-11-ge490571c62 (webtiles) character file.

Game seed: 7553812640870193564

65 browni3141 the Firebug (level 3, -1/26 HPs)
             Began as a Demonspawn Fire Elementalist on Jan 30, 2024.
             Slain by Terence
             ... wielding a +0 mace
              (9 damage)
             ... on level 2 of the Dungeon.
             The game lasted 00:02:52 (1500 turns).

browni3141 the Firebug (DsFE)                       Turns: 1500, Time: 00:02:52

Health: -1/26      AC:  2    Str:  8    XL:     3   Next: 94%
Magic:  2/7        EV: 12    Int: 17    God:
Gold:   52         SH:  0    Dex: 13    Spells: 4/7 levels left

rFire   + . .        f - +0 dagger
rCold   x . .        (no shield)
rNeg    . . .        a - +0 robe
rPois   .            (no helmet)
rElec   .            (no cloak)
rCorr   .            (no gloves)
SInv    .            (no boots)
Will    .....        (no amulet)
Stlth   ++           g - ring of fire
HPRegen 0.24/turn    (no ring)
MPRegen 0.10/turn

%: no passive effects
@: no status effects
A: powered by death 1, spiny 1
a: no special abilities


You were on level 2 of the Dungeon.
You visited 1 branch of the dungeon, and saw 2 of its levels.

You collected 52 gold pieces.

Inventory:

Hand Weapons
 f - a +0 dagger (weapon)
Armour
 a - a +0 robe (worn)
Jewellery
 g - a ring of fire (left hand)
Scrolls
 c - a scroll of enchant weapon {unknown}
 i - a scroll of identify {unknown}
 j - a scroll of fear {unknown}
 k - a scroll of amnesia {unknown}
Potions
 b - a potion of magic
 d - a potion of haste {unknown}
 e - a potion of lignification {unknown}
 h - a potion of heal wounds {unknown}
 l - a potion of degeneration {unknown}


   Skills:
 - Level 1.0 Fighting
 - Level 2.0 Dodging
 - Level 2.0 Stealth
 + Level 2.8 Spellcasting
 - Level 2.0 Conjurations
 - Level 3.0 Fire Magic


You had 4 spell levels left.
You knew the following spells:

 Your Spells              Type           Power      Damage    Failure   Level
a - Foxfire               Conj/Fire      64%        2x1d7     6%          1
b - Scorch                Fire           36%        2d6       8%          2

Your spell library contained the following spells:

 Spells                   Type           Power      Damage    Failure   Level
 Sting                    Conj/Alch      20%        1d4       12%         1
 Apportation              Tloc           4%         N/A       19%         1
 Inner Flame              Hex/Fire       11%        N/A       28%         3
 Volatile Blastmotes      Fire/Tloc      22%        2d11      28%         3
 Flame Wave               Conj/Fire      16%        2d7       54%         4


Dungeon Overview and Level Annotations

Branches:
Dungeon (2/15)

Altars:

Annotations:
D:2 Terence


Innate Abilities, Weirdness & Mutations

You regenerate a little health from kills.
You are partially covered in sharp spines.


Message History

You hit the kobold. You punch the kobold.
You kill the kobold!
A rat comes into view.
A ball python comes into view.
Things that are here:
a +0 whip; a kobold corpse You feel a surge of power!
You conjure some foxfire!
The foxfire hits the kobold!
You kill the kobold!
You feel a surge of power!
You conjure some foxfire!
The foxfire hits the endoplasm.
You kill the endoplasm!
You feel a surge of power!
You conjure some foxfire!
The foxfire hits the rat.
You kill the rat!
The foxfire hits the ball python.
The ball python is heavily wounded.
The foxfire hits the ball python.
You kill the ball python!
There is a stone staircase leading up here.
You start memorising the spell.
You continue memorising. x2
You finish memorising.
Spell assigned to 'b'.
Magic restored.
Things that are here:
a +0 club; 4 stones; a kobold corpse
l - a metallic grey potion A goblin comes into view.
It is wielding a +0 dagger.
The goblin shouts!
A goblin is nearby!
A goblin is nearby!
You feel a surge of power!
You conjure some foxfire!
The foxfire hits the goblin.
The goblin is severely wounded.
The foxfire hits the goblin.
You kill the goblin!
Terence the Incautious comes into view.
He is wielding a +0 mace and wearing a +3 chain mail of fire resistance.
Terence is nearby!
Terence is nearby!
Terence is nearby!
Terence shouts, "Get ready for death!"
Terence says, "Time to say good-bye..."
You feel a surge of power!
You conjure some foxfire!
You feel a surge of power!
You conjure some foxfire!
Casting: Foxfire (safe; 6% risk of failure)
Confirm with . or Enter, or press ? or * to list all spells.
Okay, then.
You feel a surge of power!
You conjure some foxfire!
The foxfire hits Terence but does no damage. x2
The foxfire hits Terence.
Terence resists.
Terence is lightly wounded.
The foxfire hits Terence but does no damage.
Terence is lightly wounded.
Casting: Foxfire (safe; 6% risk of failure)
Confirm with . or Enter, or press ? or * to list all spells.
You feel a surge of power!
Flames lash Terence but do no damage.
The foxfire hits Terence.
Terence resists.
Terence is lightly wounded.
The foxfire hits Terence but does no damage.
Terence is lightly wounded.
Casting: Scorch (safe; 8% risk of failure)
Confirm with . or Enter, or press ? or * to list all spells.
You feel a surge of power!
Flames lash Terence.
Terence resists.
Terence is moderately wounded.
Terence's fire resistance burns away.
You are out of magic!
Magic courses through your body.
Terence is no longer more vulnerable to fire.
Terence is struck by your spines. Terence hits you with a +0 mace.
Casting: Scorch (safe; 8% risk of failure)
Confirm with . or Enter, or press ? or * to list all spells.
You feel a surge of power!
Flames lash Terence.
Terence resists.
Terence is heavily wounded.
Terence's fire resistance burns away.
Terence hits you but does no damage.
Casting: Scorch (safe; 8% risk of failure)
Confirm with . or Enter, or press ? or * to list all spells.
You feel a surge of power!
Flames lash Terence but do no damage.
Terence barely misses you.
You feel a surge of power!
You conjure some foxfire!
Terence says, "Rest in peace."
Terence barely misses you.
Casting: Foxfire (safe; 6% risk of failure)
Confirm with . or Enter, or press ? or * to list all spells.
You feel a surge of power!
Flames lash Terence but do no damage.
Terence is no longer more vulnerable to fire.
The foxfire hits Terence.
Terence resists.
Terence is heavily wounded.
The foxfire hits Terence.
Terence resists.
Terence is heavily wounded.
Terence barely misses you.
You barely miss Terence.
Terence is heavily wounded.
Terence hits you with a +0 mace!
You closely miss Terence.
Terence is heavily wounded.
Terence hits you with a +0 mace. Terence hits you with a +0 mace.
Terence attacks as he pursues you! Terence hits you with a +0 mace.
Terence attacks as he pursues you! Terence is struck by your spines.
Terence hits you with a +0 mace!
You die...
Terence says, "That felt goooood."

#... # #.. ...[.. ..#.#
#.##.# #.#.# ########.##.#
#.#.# #...........# #.#.#
#........#..# #...#
#........#..#
#..######........#..#
#.......@@......†.).##
##.################)<# #..#
####..
######.###############.....
......).....................
##########.....########.####
#.....# #.....## #......###


You could see Terence.

Vanquished Creatures
  An adder (D:2)
  A dart slug (D:1)
  4 bats
  7 endoplasms
  2 giant cockroaches
  3 goblins
  7 hobgoblins
  6 jackals (D:1)
  3 kobolds
  A quokka (D:1)
  5 ball pythons
  2 frilled lizards (D:1)
  2 rats
44 creatures vanquished.

Vanquished Creatures (others)
  106 foxfires
106 creatures vanquished.

Grand Total: 150 creatures vanquished

Notes
Turn   | Place    | Note
-------+----------+-------------------------------------------
     0 | D:1      | browni3141 the Demonspawn Fire Elementalist began the quest
                  | for the Orb.
     0 | D:1      | Reached XP level 1. HP: 13/13 MP: 3/3
   152 | D:2      | Gained mutation: You regenerate a little health from kills.
                  | [demonic ancestry]
   152 | D:2      | Reached XP level 2. HP: 19/19 MP: 0/5
   341 | D:1      | Reached skill level 1 in Fighting
   546 | D:1      | Gained mutation: You are partially covered in sharp spines.
                  | [demonic ancestry]
   546 | D:1      | Reached XP level 3. HP: 26/26 MP: 3/6
   567 | D:1      | Reached skill level 3 in Fire Magic
   685 | D:1      | Got Fiadoc's Hermit's Heritage for Amateurs
  1395 | D:2      | Learned a level 2 spell: Scorch
  1465 | D:2      | Noticed Terence
  1500 | D:2      | Slain by Terence

Illustrated notes

Levels and vault maps discovered:
D:1:      dpeg_arrival_stonehenge_8_columns, layout_basic
D:2:      kennysheep_big_flooded_room, layout_basic, serial_shops,
          nicolae_shop_window_shopping, uniq_terence

Skill      XL: |  1  2  3 |
---------------+----------+-----
Dodging        | 2 |  2.0
Stealth        | 2 |  2.0
Fighting       | 1 |  1.0
Fire Magic     | 3 |  3.0
Conjurations   | 2 |  2.0
Spellcasting   | |  2.8

Action                     || total
---------------------------++-------
  Melee: Dagger            ||    13
         Punch             ||     1
   Cast: Foxfire           ||    64
         Scorch            ||     5
    Use: Potion            ||     1
   Stab: Sleeping          ||     1
 Armour: Robe              ||    18
  Dodge: Dodged            ||    17
